 Dungeon Crawl Stone Soup version 0.24.1-14-gf8d2b509d9 (webtiles) character file.

Game seed: 10844322602778385410, levelgen mode: deterministic

14726 blajj the Spear-Bearer (level 12, -1/95 HPs)
             Began as a Human Chaos Knight on May 15, 2020.
             Was a Plaything of Xom.
             Slain by a killer bee (5 damage)
             ... on level 1 of the Lair of Beasts on May 16, 2020.
             The game lasted 02:40:31 (16780 turns).

blajj the Spear-Bearer (Human Chaos Knight)        Turns: 16780, Time: 02:40:32

Health: -1/95      AC: 17    Str: 17    XL:     12   Next: 48%
Magic:  12/12      EV: 10    Int: 12    God:    Xom [...*..]
Gold:   843        SH:  0    Dex: 16    Spells: 11/11 levels left

rFire    + + .     SeeInvis .   b - +6 shortbow (chaos)
rCold    . . .     Gourm    .   (shield currently unavailable)
rNeg     + + .     Faith    .   x - +0 plate armour
rPois    +         Spirit   .   q - +0 helmet
rElec    +         Reflect  .   u - +1 cloak
rCorr    +         Harm     .   (no gloves)
MR       .....                  (no boots)
Stlth    ..........             z - amulet of magic regeneration
HPRegen  0.25/turn              E - ring of Levity {rN+ Int+2}
MPRegen  0.38/turn              B - ring "Icsen" {Fire rN+}

@: lethally poisoned (-1 -> -3), resistant, vulnerable
A: agile 1, dopey 1, mutation resistance 1, screaming 1, sturdy frame 1
a: Renounce Religion


You were on level 1 of the Lair of Beasts.
You worshipped Xom.
You were a favourite toy of Xom.
You were not hungry.

You visited 3 branches of the dungeon, and saw 14 of its levels.

You collected 843 gold pieces.

Inventory:

Hand Weapons
 a - a +0 halberd
 b - a +6 shortbow of chaos (weapon)
 A - a +0 trident
 M - a +0 longbow
Missiles
 d - 84 sling bullets
 f - 165 bolts
 o - 74 arrows (quivered)
 r - 8 javelins
 s - 72 poisoned darts
 D - 11 boomerangs
 K - 2 atropa-tipped darts
Armour
 q - a +0 helmet (worn)
 u - a +1 cloak (worn)
 x - a +0 plate armour (worn)
 y - a +0 cloak
 C - +0 steam dragon scales
 H - a +0 buckler
Jewellery
 z - an amulet of magic regeneration (around neck)
 B - the ring "Icsen" (right hand) {Fire rN+}
   (You found it on level 7 of the Dungeon)

   [ring of fire]

   It enhances your fire magic.
   It protects you from fire.
   It makes you vulnerable to cold.
   It protects you from negative energy.
 E - the ring of Levity (left hand) {rN+ Int+2}
   (Xom gifted it to you on level 10 of the Dungeon)

   [ring of positive energy]

   It affects your intelligence (+2).
   It protects you from negative energy.
Wands
 n - a wand of enslavement (1)
 t - a wand of disintegration (16)
 w - a wand of clouds (3)
 I - a wand of digging (9)
 J - a wand of iceblast (13)
Scrolls
 e - 5 scrolls of remove curse
 j - 2 scrolls of immolation
 l - 3 scrolls of fog
 v - 2 scrolls of amnesia
 R - a scroll of enchant weapon
Potions
 i - 2 potions of mutation
 k - 2 potions of flight
 p - 3 potions of brilliance
Comestibles
 c - 15 rations


   Skills:
 - Level 9.0 Fighting
 - Level 12.0 Polearms
 + Level 7.4 Bows
 - Level 3.0 Throwing
 + Level 8.3 Armour
 * Level 6.5 Dodging


You had 11 spell levels left.
You didn't know any spells.
Your spell library contained the following spells:

 Spells                   Type           Power        Failure   Level  Hunger
 Sandblast                Erth           #.....       99%         1    ##.....
 Summon Small Mammal      Summ           #...         99%         1    ##.....
 Call Imp                 Summ           #.......     100%        2    ###....
 Passwall                 Tmut/Erth      #.......     100%        2    ###....
 Call Canine Familiar     Summ           #.......     100%        3    ####...
 Stone Arrow              Conj/Erth      #.....       100%        3    ####...
 Summon Guardian Golem    Hex/Summ       #.......     100%        3    ####...
 Petrify                  Tmut/Erth      #.......     100%        4    #####..
 Summon Ice Beast         Ice/Summ       #.......     100%        4    #####..
 Summon Lightning Spire   Summ/Air       #.......     100%        4    #####..
 Lee's Rapid Deconstruct  Erth           #.........   100%        5    ######.


Dungeon Overview and Level Annotations

Branches:
Dungeon (11/15)            Temple (0/1) D:7            Lair (2/6) D:10
    Orc (1/2) D:11
  Swamp: Lair:2-4    Shoals: Lair:2-4     Snake: Lair:2-4    Spider: Lair:2-4

Altars:
Dithmenos
Elyvilon
Fedhas
Gozag
Kikubaaqudgha
Makhleb
Nemelex Xobeh
Ru
Sif Muna
Uskayaw
Vehumet
Xom
Yredelemnul
The Shining One

Shops:
D:6 }   D:7 [   D:9 (}

Annotations:
D:5 1 exclusion
D:9 exclusions: oklob plant and oklob sapling


Innate Abilities, Weirdness & Mutations

You are agile. (Dex +2)
You are dopey. (Int -2)
You are somewhat resistant to further mutation.
You occasionally shout uncontrollably at your foes.
Your movements are slightly less encumbered by armour. (ER -2)


Message History

Press: ? - help, Shift-Dir - straight line, f/p - killer bee
Aim: a killer bee (lightly wounded, susceptible to hostile enchantments)
You shoot an arrow. The arrow misses the killer bee.
The killer bee stings you but does no damage.
The killer bee barely misses you. The killer bee stings you.
* * * LOW HITPOINT WARNING * * *
You are more poisoned.
The killer bee poisons you!
The killer bee stings you but does no damage.
The killer bee stings you.
* * * LOW HITPOINT WARNING * * *
Firing (i - inventory. (/) - cycle)
o - 75 arrows (quivered)
Press: ? - help, Shift-Dir - straight line, f/p - killer bee
Aim: a killer bee (lightly wounded, susceptible to hostile enchantments)
You shoot an arrow. The arrow hits the killer bee.
The killer bee is moderately wounded.
The killer bee stings you.
* * * LOW HITPOINT WARNING * * *
The killer bee barely misses you. The killer bee stings you.
You die...

≈≈≈≈≈≈≈..###..............##
### .≈≈≈≈≈...#
####..........######.#
......##.## ##.####..###
#.#... #####.#...## ### ####
##..... #####..##..##
###......
#.#....###..###########
#........ ....####
###.#P.......# #...[....
....# ##..y......####.......
##### ##..@......###.......
# #P.yy.......^P......
##.......[##........ #
##.........#####.##.. ##
#...P......# ###### .#
##..##.....# .# ##.#####...#
.# #..# ##### ## #.##


You could see 3 killer bees.

Vanquished Creatures
  Erolcha (D:10)
  2 two-headed ogres
  An unseen horror (D:10)
  A black mamba (Lair:1)
  4 spiny frogs
  A troll (shapeshifter) (D:6)
  3 hippogriffs (Lair:1)
  A tarantella (Lair:1)
  A vampire (D:11)
  A wyvern (D:11)
  11 yaks
  A basilisk (D:9)
  A steam dragon (D:7)
  A hungry ghost (D:7)
  6 water moccasins
  3 porcupines (Lair:2)
  3 black bears
  A swamp drake (Lair:1)
  An ice beast (D:8)
  An eye of draining (D:9)
  5 orc warriors
  2 phantoms
  A sky beast (D:6)
  5 ogres
  5 centaurs
  4 crocodiles (Lair:1)
  5 bullfrogs
  A gnoll sergeant (D:10)
  Dowan (D:6)
  2 scorpions (D:8)
  23 killer bees
  4 howler monkeys
  A crimson imp (D:7)
  2 quasits (D:6)
  3 bullfrog zombies
  6 orc priests
  7 hounds
  2 centaur skeletons
  A bullfrog skeleton (D:5)
  3 jellies
  2 iguanas
  9 orc wizards
  2 hell rats (Lair:2)
  8 worker ants
  2 hound skeletons
  Robin (D:2)
  2 worker ant zombies
  4 gnolls (D:10)
  13 adders
  9 river rats (Lair:2)
  3 adder skeletons
  3 worms
  3 leopard geckos
  29 orcs
  7 ball pythons
  4 giant cockroaches
  18 goblins
  8 hobgoblins
  9 jackals
  5 quokkas
  8 bats
  2 frilled lizards (D:2)
  5 kobolds
  8 rats
  A plant (D:9)
293 creatures vanquished.

Vanquished Creatures (collateral kills)
  A two-headed ogre (D:9)
  A gargoyle (D:9)
  A soldier ant (D:9)
  2 orc priests (D:9)
  A jelly (D:9)
  An orc wizard (D:9)
  7 orcs
  3 jackals (D:9)
17 creatures vanquished.

Vanquished Creatures (others)
  2 killer bees (Lair:2)
  An adder (D:4)
  A rat (D:1)
  3 plants (D:9)
7 creatures vanquished.

Grand Total: 317 creatures vanquished

Notes
Turn   | Place    | Note
-------+----------+-------------------------------------------
     0 | D:1      | blajj the Human Chaos Knight began the quest for the Orb.
     0 | D:1      | Reached XP level 1. HP: 18/18 MP: 1/1
   184 | D:1      | XOM: divination: detect creatures
   242 | D:1      | Reached XP level 2. HP: 24/24 MP: 2/2
   317 | D:1      | XOM: harmless Fire miscast
   571 | D:1      | Reached XP level 3. HP: 25/29 MP: 3/3
   786 | D:1      | XOM: noise
   825 | D:2      | XOM: stat loss: -1 Int (11/12)
   836 | D:2      | XOM: swap monsters
  1087 | D:2      | XOM: 3-stop teleportation journey
  1118 | D:2      | Reached XP level 4. HP: 27/35 MP: 4/4
  1138 | D:2      | XOM: summons 2 hostile demons
  1164 | D:3      | Found an ancient bone altar of Kikubaaqudgha.
  1204 | D:2      | Reached skill level 4 in Polearms
  1873 | D:2      | Found a glowing golden altar of the Shining One.
  1879 | D:2      | Found a basalt altar of Yredelemnul.
  1883 | D:2      | Noticed a profane servitor
  2117 | D:2      | Noticed an angel
  2123 | D:2      | XOM: severe Fire miscast
  2432 | D:3      | Reached XP level 5. HP: 15/42 MP: 5/5
  2457 | D:3      | XOM: mild Necr miscast
  2581 | D:3      | Noticed Robin
  2598 | D:2      | Killed Robin
  2750 | D:2      | XOM: divination: detect items
  2760 | D:2      | XOM: divination: detect items
  2767 | D:2      | XOM: potion effect (brilliance)
  3026 | D:3      | XOM: divination: detect creatures
  3034 | D:3      | Reached XP level 6. HP: 44/48 MP: 6/6
  3104 | D:3      | Reached skill level 5 in Polearms
  3506 | D:3      | XOM: divination: magic mapping
  3533 | D:3      | Found a sparkling altar of Nemelex Xobeh.
  3533 | D:3      | Found an opulent altar of Gozag.
  3659 | D:4      | XOM: smoke on damage
  3776 | D:4      | XOM: confuse monster(s)
  3918 | D:3      | XOM: harmless Tmut miscast
  4218 | D:4      | Found a radiant altar of Vehumet.
  4297 | D:4      | Noticed a phantom
  4299 | D:4      | XOM: divination: magic mapping
  4340 | D:4      | XOM: cast spell 'Ring of Flames'
  4341 | D:4      | Killed a phantom
  4341 | D:4      | Reached XP level 7. HP: 26/55 MP: 7/7
  4363 | D:4      | Upgraded the game from 0.24.1-11-gbbbb2193e6 to
                  | 0.24.1-14-gf8d2b509d9
  4541 | D:4      | XOM: chaos upgrade
  4553 | D:4      | Reached skill level 1 in Throwing
  4731 | D:4      | Found a shimmering altar of Xom.
  4892 | D:5      | XOM: noise
  4892 | D:5      | Entered Level 5 of the Dungeon
  4898 | D:5      | XOM: cast spell 'Cause Fear'
  4902 | D:4      | XOM: confusion
  4905 | D:4      | XOM: mild Hex miscast
  4910 | D:4      | XOM: swap monsters
  4930 | D:4      | Reached skill level 6 in Polearms
  5085 | D:5      | XOM: 1-stop teleportation journey
  5274 | D:5      | Found a sparkling altar of Nemelex Xobeh.
  5857 | D:6      | Reached XP level 8. HP: 41/61 MP: 8/8
  5868 | D:6      | Found a white marble altar of Elyvilon.
  5868 | D:6      | Noticed Dowan
  5868 | D:6      | Noticed Duvessa
  5878 | D:6      | XOM: fog
  6132 | D:6      | XOM: noise
  6144 | D:6      | XOM: chaos upgrade
  6149 | D:6      | Reached skill level 5 in Fighting
  6198 | D:6      | XOM: give mutation
  6198 | D:6      | Gained mutation: Scrolls take you a little longer to read.
                  | [Xom's mischief]
  6246 | D:6      | XOM is BORED!
  6260 | D:6      | XOM: 2-stop teleportation journey
  6275 | D:6      | XOM: summons friendly ufetubus
  6287 | D:6      | XOM: chaos cloud
  6293 | D:6      | XOM: medium Hex miscast
  6294 | D:6      | XOM: smoke on damage
  6307 | D:6      | Noticed Duvessa
  6307 | D:6      | XOM: polymorph something unseen -> Duvessa the fire bat
  6309 | D:6      | Paralysed by you for 7 turns
  6311 | D:6      | Noticed Duvessa
  6312 | D:6      | Noticed Duvessa
  6312 | D:6      | Duvessa the shapeshifter changed into Duvessa the hornet
  6329 | D:6      | Noticed Duvessa
  6333 | D:6      | XOM: swap monsters
  6337 | D:6      | XOM: 3-stop teleportation journey
  6391 | D:6      | XOM: summons 4 hostile shadow creatures
  6415 | D:7      | XOM: give mutations
  6415 | D:7      | Gained mutation: You are somewhat resistant to further
                  | mutation. [Xom's grace]
  6415 | D:7      | Lost mutation: Scrolls take you a little longer to read.
                  | [Xom's grace]
  6415 | D:7      | Gained mutation: You have supernaturally acute eyesight.
                  | (SInv) [Xom's grace]
  6428 | D:7      | Reached skill level 7 in Polearms
  6589 | D:7      | XOM: confusion
  6654 | D:7      | XOM: draining
  6666 | D:7      | XOM: fog
  6674 | D:7      | XOM: confusion (+ monsters)
  6712 | D:7      | XOM: cleaving
  6783 | D:7      | XOM: god gift: book of Geomancy
  6935 | D:6      | XOM: cast spell 'Summon Hydra'
  6938 | D:6      | Reached XP level 9. HP: 69/69 MP: 9/9
  7000 | D:6      | Found a burning altar of Makhleb.
  7100 | D:6      | Reached skill level 8 in Polearms
  7115 | D:6      | Reached skill level 1 in Bows
  7155 | D:6      | XOM: god gift: scroll of teleportation
  7185 | D:6      | XOM: god gift: ration
  7195 | D:6      | XOM: give mutations
  7195 | D:6      | Gained mutation: You are dopey. (Int -2) [Xom's mischief]
  7195 | D:6      | Lost mutation: You have supernaturally acute eyesight.
                  | (SInv) [Xom's mischief]
  7195 | D:6      | Gained mutation: Scrolls take you a little longer to read.
                  | [Xom's mischief]
  7195 | D:6      | Gained mutation: Scrolls take you longer to read. [Xom's
                  | mischief]
  7195 | D:6      | Lost mutation: Scrolls take you longer to read. [Xom's
                  | mischief]
  7255 | D:6      | Found a sacrificial altar of Ru.
  7338 | D:6      | Found Rycukaasid's Gadget Boutique.
  7602 | D:6      | XOM: mild Fire miscast
  7795 | D:6      | Killed Dowan
  7808 | D:6      | Noticed Duvessa
  7851 | D:7      | XOM: silly message
  8047 | D:7      | XOM: 1-stop teleportation journey
  8184 | D:7      | Found a staircase to the Ecumenical Temple.
  8225 | D:7      | Found a hide-covered altar of Uskayaw.
  8225 | D:7      | XOM: 2-stop teleportation journey
  8226 | D:7      | XOM: fog
  8292 | D:7      | Got a brightly glowing iron ring
  8294 | D:7      | Identified the ring "Icsen" {Fire rN+} (You found it on
                  | level 7 of the Dungeon)
  8315 | D:7      | Found a shadowy altar of Dithmenos.
  8332 | D:7      | Reached skill level 9 in Polearms
  8405 | D:7      | Found Dany's Antique Armour Boutique.
  8602 | D:7      | XOM: give mutations
  8602 | D:7      | Gained mutation: You are clumsy. (Dex -2) [Xom's mischief]
  8602 | D:7      | Lost mutation: You are clumsy. (Dex -2) [Xom's mischief]
  8602 | D:7      | Gained mutation: You are clumsy. (Dex -2) [Xom's mischief]
  8602 | D:7      | Gained mutation: You have sharp toenails. [Xom's mischief]
  8670 | D:8      | XOM: noise
  8863 | D:8      | Reached XP level 10. HP: 60/77 MP: 10/10
  9185 | D:8      | Reached skill level 5 in Armour
  9297 | D:8      | XOM: 5-stop teleportation journey
  9326 | D:8      | XOM: noise
  9764 | D:8      | XOM: summons 5 hostile demons
  9846 | D:8      | Noticed a spiny frog
  9846 | D:8      | a black bear changed into a spiny frog
  9846 | D:8      | XOM: polymorph black bear -> spiny frog
  9852 | D:8      | XOM: mild Ice miscast
  9909 | D:9      | Noticed a two-headed ogre
  9909 | D:9      | XOM: noise
  9919 | D:9      | Killed a two-headed ogre
 10054 | D:9      | Noticed a gargoyle
 10060 | D:9      | Killed a gargoyle
 10060 | D:9      | Reached skill level 10 in Polearms
 10090 | D:9      | Found Qoryameal's Antique Weapon Emporium.
 10155 | D:9      | XOM: mild Tmut miscast
 10287 | D:9      | XOM: noise
 10332 | D:9      | XOM: 6-stop teleportation journey
 10492 | D:9      | Found a blossoming altar of Fedhas.
 10536 | D:9      | Noticed an oklob plant
 10561 | D:9      | XOM: give mutations
 10561 | D:9      | Lost mutation: You are dopey. (Int -2) [Xom's mischief]
 10561 | D:9      | Lost mutation: Scrolls take you a little longer to read.
                  | [Xom's mischief]
 10561 | D:9      | Gained mutation: You occasionally shout uncontrollably at
                  | your foes. [Xom's mischief]
 10664 | D:9      | XOM: cloud trail
 10688 | D:9      | Gained mutation: You are dopey. (Int -2) [mutagenic glow]
 10703 | D:9      | XOM: harmless Tmut miscast
 10722 | D:9      | Gained mutation: You are very dopey. (Int -4) [mutagenic
                  | glow]
 10751 | D:9      | XOM: mild Hex miscast
 10806 | D:9      | Found a shimmering blue altar of Sif Muna.
 10915 | D:9      | Found Ihiwn's Gadget Shoppe.
 11053 | D:10     | Entered Level 10 of the Dungeon
 11124 | D:10     | Found a staircase to the Lair.
 11170 | D:10     | XOM: smoke on damage
 11172 | D:10     | Killed an unseen horror
 11375 | D:10     | XOM: scenery: 1 doors close
 11401 | D:10     | Noticed Erolcha
 11430 | D:10     | XOM: butterfly on damage
 11547 | D:9      | Reached XP level 11. HP: 43/86 MP: 11/11
 11615 | D:9      | XOM: scenery: create altars
 11622 | D:9      | XOM: divination: detect creatures
 11627 | D:9      | XOM: god gift: 30 gold pieces
 11727 | D:10     | Noticed a two-headed ogre
 11727 | D:10     | Noticed a two-headed ogre
 11735 | D:9      | Killed a two-headed ogre
 11735 | D:9      | Reached skill level 5 in Bows
 11847 | D:9      | XOM: scenery: create altars
 11932 | D:9      | XOM: polymorph yak -> basilisk
 11940 | D:9      | XOM: confuse monster(s)
 11943 | D:9      | Reached skill level 11 in Polearms
 12240 | D:10     | XOM: summons friendly quasit
 12260 | D:10     | XOM: swap monsters
 12335 | D:10     | XOM: give mutations
 12335 | D:10     | Lost mutation: You are very dopey. (Int -4) [Xom's
                  | mischief]
 12335 | D:10     | Lost mutation: You have sharp toenails. [Xom's mischief]
 12337 | D:10     | XOM: potion effect (heal wounds)
 12374 | D:10     | Noticed a fire crab
 12374 | D:10     | a shapeshifter changed into a fire crab
 12476 | D:10     | Noticed a mana viper
 12482 | D:10     | XOM: snakes to sticks
 12545 | Lair:1   | Entered Level 1 of the Lair of Beasts
 12696 | Lair:1   | XOM: medium Summ miscast
 12748 | D:10     | XOM: scenery: create altars
 12832 | D:10     | XOM: swap monsters
 12848 | D:10     | XOM: polymorph gnoll -> leopard gecko
 12936 | D:10     | XOM: god gift: fine turquoise ring {god gift}
 12937 | D:10     | Got a fine turquoise ring {god gift}
 12938 | D:10     | Identified the ring of Levity {rN+ Int+2} (Xom gifted it to
                  | you on level 10 of the Dungeon)
 12943 | D:10     | XOM: noise
 13094 | D:11     | Found a staircase to the Orcish Mines.
 13099 | D:11     | Noticed a purple ugly thing
 13105 | Orc:1    | Entered Level 1 of the Orcish Mines
 13105 | Orc:1    | Noticed a cyclops
 13108 | D:11     | XOM: summons friendly ufetubus
 13492 | D:10     | Killed Erolcha
 13784 | D:10     | XOM: enchant monster (bad)
 13799 | D:10     | Killed a two-headed ogre
 13940 | Lair:1   | XOM: harmless Summ miscast
 13944 | Lair:1   | XOM: silly message
 14008 | Lair:1   | XOM: harmless Pois miscast
 14018 | Lair:1   | Reached skill level 12 in Polearms
 14046 | Lair:1   | XOM: potion effect (might)
 14051 | Lair:1   | Reached XP level 12. HP: 68/94 MP: 12/12
 14235 | Lair:1   | XOM: potion effect (haste)
 14827 | Lair:1   | XOM: god gift: 14 gold pieces
 14878 | D:9      | XOM: medium Erth miscast
 15002 | D:6      | Noticed Duvessa
 15004 | D:6      | Noticed Duvessa
 15004 | D:6      | Duvessa the guardian serpent changed into Duvessa the yak
 15010 | D:6      | Noticed Duvessa
 15010 | D:6      | Duvessa the yak changed into Duvessa the troll
 15011 | D:6      | Killed Duvessa the troll
 15011 | D:6      | Reached skill level 5 in Dodging
 15509 | Lair:2   | XOM: divination: detect creatures
 15633 | Lair:2   | XOM: harmless Summ miscast
 15737 | Lair:1   | XOM: divination: magic mapping
 16239 | Lair:2   | XOM: polymorph river rat -> worker ant
 16263 | Lair:2   | XOM: god gift: scroll of teleportation
 16356 | Lair:2   | XOM: give mutations
 16356 | Lair:2   | Gained mutation: Your flesh is heat resistant. (rF+) [Xom's
                  | grace]
 16356 | Lair:2   | Gained mutation: Your muscles are strong. (Str +2) [Xom's
                  | grace]
 16356 | Lair:2   | Lost mutation: You are clumsy. (Dex -2) [Xom's grace]
 16356 | Lair:2   | Gained mutation: Your movements are slightly less
                  | encumbered by armour. (ER -2) [Xom's grace]
 16414 | Lair:2   | XOM: god gift: 44 gold pieces
 16584 | Lair:2   | XOM: give mutations
 16584 | Lair:2   | Lost mutation: Your flesh is heat resistant. (rF+) [Xom's
                  | mischief]
 16584 | Lair:2   | Lost mutation: Your muscles are strong. (Str +2) [Xom's
                  | mischief]
 16584 | Lair:2   | Gained mutation: You are agile. (Dex +2) [Xom's mischief]
 16765 | Lair:1   | Identified a scroll of acquirement
 16766 | Lair:1   | Found the +27 Lear's hauberk
 16780 | Lair:1   | HP: 4/95 [killer bee (5)]
 16780 | Lair:1   | Slain by a killer bee

Levels and vault maps discovered:
D:1:      minmay_arrival_widening_spiral_wide, layout_basic
D:2:      minmay_door_path, layout_basic, grunt_temple_overflow_holy_war,
          first_ration
D:3:      layout_rooms, grunt_temple_overflow_opulence,
          kiku_gazebo_garden_becter, kennysheep_generic_room_15, uniq_robin
D:4:      layout_layer_cave, nicolae_overflow_hidden_temple, xom_confusion_cloud
D:5:      layout_rooms, solitary_fountain, nemelex_altar_shiori
D:6:      layout_loops_corners, lemuel_round_altar, lemuel_round_altar,
          nicolae_ru_awakened_eye, serial_shops, kennysheep_mini, uniq_duvessa
D:7:      layout_loops_ring, eat_drink_and_be_merry_uskayaw,
          nicolae_dithmenos_through_a_glass_darkly,
          minmay_temple_entry_offerings, serial_shops, nicolae_shop_crystal
D:8:      layout_rooms
D:9:      layout_loops_corners, lemuel_crystal_altar, serial_shops, shop, shop,
          introduction_to_nature_2
D:10:     layout_basic, lair_entry_dummy, uniq_erolcha
D:11:     hangedman_screamer, layout_gridville, david_orc_2, grunt_tengu_nest
Lair:1:   layout_cave_pods, infiniplex_staircase_pool
Lair:2:   layout_gridlike, special_room [special_room_bee], st_stairs_9,
          kennysheep_rathole
Orc:1:    layout_caves

Skill      XL: |  1  2  3  4  5  6  7  8  9 10 11 12 |
---------------+-------------------------------------+-----
Polearms       | 4 5 6 7 9 10 12 | 12.0
Dodging        | 2 3 4 6 |  6.5
Fighting       | 4 5 6 7 8 9 |  9.0
Throwing       | 2 3 |  3.0
Armour         | 3 4 6 7 8 |  8.3
Bows           | 3 4 6 7 |  7.4

Action                   |  1- 3 |  4- 6 |  7- 9 | 10-12 || total
-------------------------+-------+-------+-------+-------++-------
Melee: Spear             |   113 |   335 |   237 |       ||   685
       Trident           |       |       |    97 |       ||    97
       Halberd           |       |       |       |   258 ||   258
       Kick              |       |       |       |    34 ||    34
       Shortbow          |       |       |       |     4 ||     4
 Fire: Hunting sling     |       |     4 |    10 |       ||    14
       Shortbow          |       |       |   117 |   476 ||   593
Throw: Dart              |     3 |    75 |    31 |    11 ||   120
Evoke: Wand              |       |       |       |    10 ||    10
       Phantom mirror    |       |       |       |     1 ||     1
  Use: Scroll            |     3 |     5 |    10 |    14 ||    32
       Potion            |       |       |     5 |    11 ||    16
 Stab: Sleeping          |     2 |       |       |       ||     2
       Distracted        |       |       |     2 |       ||     2
       Petrifying        |       |       |     1 |       ||     1
       Paralysed         |       |       |       |     1 ||     1
       Invisible         |       |       |       |     3 ||     3
  Eat: Chunk             |     1 |     9 |    12 |    16 ||    38
       Ration            |       |       |     2 |     3 ||     5
Armor: Leather armour    |    34 |    96 |    80 |       ||   210
       Plate armour      |       |       |    99 |   453 ||   552
Dodge: Dodged            |    38 |   205 |   163 |   225 ||   631
